 Dungeon Crawl Stone Soup version 0.24.0-125-gc4c63601f3 (webtiles) character file.

Game seed: 13697544140944604024, levelgen mode: deterministic

141 Curus the Cudgeler (level 5, 0/45 HPs)
             Began as a Minotaur Monk on Mar 16, 2020.
             Succumbed to an orc priest's poison
             ... on level 3 of the Dungeon.
             The game lasted 00:06:16 (973 turns).

Curus the Cudgeler (Minotaur Monk)                   Turns: 973, Time: 00:06:16

Health: 0/45       AC:  7    Str: 16    XL:     5   Next: 3%
Magic:  4/4        EV: 10    Int:  7    God:
Gold:   122        SH:  0    Dex: 13    Spells: 4/4 levels left

rFire    . . .     SeeInvis .   a - +0 mace
rCold    . . .     Gourm    .   (no shield)
rNeg     . . .     Faith    .   f - +0 scale mail
rPois    .         Spirit   .   (helmet restricted)
rElec    .         Reflect  .   d - +0 cloak
rCorr    .         Harm     .   (no gloves)
MR       +....                  (no boots)
Stlth    ..........             (no amulet)
HPRegen  0.15/turn              e - ring of protection from magic
MPRegen  0.09/turn              (no ring)

@: lethally poisoned (0 -> -3)
A: retaliatory headbutt, horns 2
a: no special abilities


You were on level 3 of the Dungeon.
You were not hungry.

You visited 1 branch of the dungeon, and saw 3 of its levels.

You collected 122 gold pieces.

Inventory:

Hand Weapons
 a - a +0 mace (weapon)
Armour
 b - a +0 robe
 d - a +0 cloak (worn)
 f - a +0 scale mail (worn)
Jewellery
 e - a ring of protection from magic (left hand)
Scrolls
 g - 5 scrolls of identify
 i - a scroll of remove curse
Potions
 h - a potion of resistance
Comestibles
 c - 3 rations


   Skills:
 - Level 3.6 Fighting
 + Level 7.0 Maces & Flails
 - Level 3.2 Dodging
 - Level 1.5 Stealth


You had 4 spell levels left.
You didn't know any spells.
Your spell library was empty.

Dungeon Overview and Level Annotations

Branches:
Dungeon (3/15)

Altars:


Innate Abilities, Weirdness & Mutations

You reflexively headbutt those who attack you in melee.
You have a pair of horns on your head.


Message History

The orc priest is almost dead.
You feel sick. The orc hits you but does no damage.
The orc priest mumbles some strange prayers to Beogh against you.
You resist with some effort. The orc hits you but does no damage.
You hit the orc priest.
You kill the orc priest!
You have reached level 5!
The orc hits you but does no damage. x2
You sock the orc!
You kill the orc!
You feel sick. The orc hits you with a +0 dagger.
* * * LOW HITPOINT WARNING * * *
You hit the orc.
The orc is lightly wounded.
The orc hits you with a +0 dagger.
* * * LOW HITPOINT WARNING * * *
You hit the orc. You headbutt the orc.
You kill the orc!
Your Maces & Flails skill increases to level 7!
You die...

.## ..
#######.###
.........
....... #
....# #.#)†.#
#.#@#.#
#..)).#
#.#<#.#
+.............
#..#####+#....
#.. .##. ... .
.. .


There were no monsters in sight!

Vanquished Creatures
  2 orc priests (D:3)
  Robin (D:2)
  An adder (D:2)
  A worm (D:2)
  2 dart slugs
  3 leopard geckos
  3 orcs (D:3)
  8 bats
  A giant cockroach (D:2)
  11 hobgoblins
  2 ball pythons
  2 frilled lizards (D:1)
  11 goblins
  A kobold (D:2)
  3 rats
52 creatures vanquished.

Notes
Turn   | Place    | Note
-------+----------+-------------------------------------------
     0 | D:1      | Curus the Minotaur Monk began the quest for the Orb.
     0 | D:1      | Reached XP level 1. HP: 19/19 MP: 0/0
    15 | D:1      | Reached skill level 4 in Maces & Flails
    92 | D:1      | Reached XP level 2. HP: 20/26 MP: 1/1
   501 | D:2      | Reached skill level 5 in Maces & Flails
   507 | D:2      | Reached XP level 3. HP: 31/31 MP: 2/2
   562 | D:2      | Noticed Robin
   576 | D:2      | Killed Robin
   869 | D:2      | Reached skill level 6 in Maces & Flails
   869 | D:2      | Reached XP level 4. HP: 39/39 MP: 3/3
   970 | D:3      | Reached XP level 5. HP: 8/45 MP: 4/4
   972 | D:3      | HP: 1/45 [orc/+0 dagger (4)]
   973 | D:3      | Reached skill level 7 in Maces & Flails
   973 | D:3      | Succumbed to an orc priest's poison

Levels and vault maps discovered:
D:1:      minmay_arrival_four_houses, layout_rooms,
          minmay_misc_feat_more_columns
D:2:      layout_rooms, first_ration, uniq_robin
D:3:      layout_basic

Skill      XL: |  1  2  3  4  5 |
---------------+----------------+-----
Maces & Flails | 4 5 6 7 |  7.0
Fighting       | |  3.6
Dodging        | |  3.2
Stealth        | |  1.5

Action                   |  1- 3 |  4- 6 || total
-------------------------+-------+-------++-------
Melee: Mace              |   106 |    19 ||   125
       Headbutt          |    14 |     2 ||    16
  Use: Potion            |     2 |       ||     2
       Scroll            |     4 |       ||     4
 Stab: Sleeping          |     4 |       ||     4
Armor: Robe              |    10 |       ||    10
       Scale mail        |    26 |    15 ||    41
Dodge: Dodged            |    51 |    14 ||    65
